 Dungeon Crawl Stone Soup version 0.31-a0-879-g1609e0ac53 (webtiles) character file.

Game seed: 5445490182773955531

5495 Spaninq the Mimic (level 10, -1/98 HPs)
             Began as a Troll Shapeshifter on Oct 14, 2023.
             Was a Follower of Qazlal.
             Slain by Amaemon
             ... wielding a +1 demon whip of venom
              (9 damage)
             ... on level 8 of the Dungeon.
             The game lasted 00:24:37 (6059 turns).

Spaninq the Mimic (Troll Shapeshifter)              Turns: 6059, Time: 00:24:39

Health: -1/98      AC:  5    Str: 26    XL:     10   Next: 42%
Magic:  9/9        EV: 11    Int:  6    God:    Qazlal [*.....]
Gold:   258        SH:  1    Dex: 17    Spells: 9/9 levels left

rFire   . . .        r - +2 whip (elec)
rCold   . . .        (no shield)
rNeg    . . .        m - melded +0 troll leather armour {Pargi}
rPois   .            (helmet restricted)
rElec   .            F - +2 cloak
rCorr   +            (gloves unavailable)
SInv    .            (boots unavailable)
Will    .....        x - amulet of the acrobat
Stlth   +            a - ring "Gommix" {rCorr Dex+6 Slay+2}
HPRegen 1.16/turn    (no ring)
MPRegen 0.11/turn

%: acrobat
@: lethally poisoned (-1 -> -3), maw-form, weakened, hasted (expiring), very
quick
A: devouring maw, large, unfitting armour, claws 3, regeneration 1, shaggy fur
1, tough skin 1
a: Begin Untransformation, Renounce Religion


You were on level 8 of the Dungeon.
You worshipped Qazlal.
Qazlal was aware of your devotion.
You were a creature with a mouth for a stomach.
You visited 2 branches of the dungeon, and saw 9 of its levels.
You also visited: Sewer.

You collected 363 gold pieces.
You spent 105 gold pieces at shops.

Inventory:

Hand Weapons
 r - a +2 whip of electrocution (weapon)
Armour
 m - a +0 troll leather armour (melded) {Pargi}
 t - +0 ice dragon scales
 C - +0 steam dragon scales
 F - a +2 cloak (worn)
Jewellery
 a - the ring "Gommix" (left claw) {rCorr Dex+6 Slay+2}
   (You bought it in a shop on level 6 of the Dungeon)

   [ring of resist corrosion]

   Dex+6:     It affects your dexterity (+6).
   Slay+2:    It affects your accuracy & damage with ranged weapons and melee
   (+2).
   rCorr:     It protects you from acid and corrosion.
 x - an amulet of the acrobat (around neck)
Talismans
 c - a beast talisman
 h - a blade talisman
 y - a maw talisman (active)
 E - a flux talisman
Wands
 d - a wand of paralysis (7)
 j - a wand of flame (58)
 D - a wand of iceblast (2)
Scrolls
 k - a scroll of butterflies
 o - 3 scrolls of poison
 w - 2 scrolls of blinking
 z - a scroll of teleportation
 A - a scroll of fog
 B - a scroll of fear
Potions
 b - 2 potions of lignification
 e - 2 potions of brilliance
 g - 2 potions of enlightenment
 i - 5 potions of curing
 l - a potion of ambrosia {unknown}
 n - 2 potions of cancellation {unknown}
 p - a potion of resistance {unknown}
 q - 2 potions of attraction {unknown}
 s - 2 potions of might
 u - a potion of invisibility {unknown}
 v - 2 potions of heal wounds {unknown}


   Skills:
 + Level 6.1 Fighting
 - Level 4.0 Maces & Flails
 - Level 4.0 Armour
 + Level 3.8 Dodging
 - Level 4.6 Unarmed Combat
 * Level 10.2 Shapeshifting


You had 9 spell levels left.
You didn't know any spells.
Your spell library contained the following spells:

 Spells                   Type           Power      Damage    Failure   Level
 Summon Small Mammal      Summ           0%         N/A       45%         1
 Blink                    Tloc           0%         N/A       58%         2
 Lesser Beckoning         Tloc           0%         N/A       58%         2
 Momentum Strike          Conj/Tloc      0%         3d8       58%         2
 Call Canine Familiar     Summ           0%         N/A       83%         3
 Inner Flame              Hex/Fire       0%         N/A       83%         3
 Ozocubu's Armour         Ice            0%         N/A       83%         3
 Stone Arrow              Conj/Erth      0%         3d7       83%         3
 Summon Guardian Golem    Hex/Summ       0%         N/A       83%         3
 Animate Armour           Summ/Erth      0%         N/A       99%         4
 Yara's Violent Unravell  Hex/Tmut       0%         3d3       100%        5
 Enfeeble                 Hex            0%         N/A       100%        7
 Ozocubu's Refrigeration  Ice            0%         4d7       100%        7
 Lehudib's Crystal Spear  Conj/Erth      0%         10d2      100%        8


Dungeon Overview and Level Annotations

Branches:
Dungeon (8/15)             Temple (1/1) D:5           Sewer (visited)
   Lair: D:8-11

Altars:
Ashenzari
Dithmenos
Elyvilon
Fedhas
Gozag
Hepliaklqana
Kikubaaqudgha
Makhleb
Nemelex Xobeh
Okawaru
Qazlal
Ru
Sif Muna
Trog
Uskayaw
Vehumet
Wu Jian
Xom
Yredelemnul
Zin
The Shining One

Shops:
D:4 =   D:6 *

Annotations:
D:8 Amaemon


Innate Abilities, Weirdness & Mutations

You are a creature with a mouth for a stomach.
Your midsection houses a second, enormous mouth.
You are too large for most types of armour.
You have claws for hands.
Your natural rate of healing is unusually fast.
You are covered in fur. (AC +1)
You have tough skin. (AC +1)


Message History

Aim: a scorpion (black smoke, almost dead, summoned)
Okay, then.
Aiming: Iceblast
Press: ? - help, Shift-Dir - straight line, f - scorpion
Aim: a scorpion (black smoke, almost dead, summoned)
Okay, then.
Aiming: Iceblast
Press: ? - help, Shift-Dir - straight line, f - scorpion
Aim: a scorpion (severely wounded, summoned)
The mass of ice explodes!
The iceblast engulfs the scorpion!
You kill the scorpion!
The scorpion's corpse disappears in a puff of smoke!
The iceblast engulfs Amaemon!
Amaemon is heavily wounded.
Aiming: Iceblast
Press: ? - help, Shift-Dir - straight line, f - Amaemon
Aim: Amaemon, wielding a +1 demon whip of venom (heavily wounded)
The mass of ice explodes!
The iceblast engulfs Amaemon!
Amaemon is heavily wounded.
The iceblast engulfs the scorpion!
The scorpion is almost dead.
Amaemon points at the scorpion and mumbles some strange words.
The scorpion seems to grow toxic.
Aiming: Iceblast
Press: ? - help, Shift-Dir - straight line, f - scorpion
Aim: a scorpion (black smoke, almost dead, summoned, concentrated venom)
The mass of ice explodes!
The iceblast engulfs the scorpion!
You kill the scorpion!
The scorpion's corpse disappears in a puff of smoke!
A wight comes into view. It is wielding a +0 scimitar.
You closely miss Amaemon. You bite Amaemon!
Amaemon is almost dead.
You hit Amaemon. You bite Amaemon.
Amaemon is almost dead.
Your extra speed is starting to run out.
Amaemon hits you with a +1 demon whip of venom!
* * * LOW HITPOINT WARNING * * *
You are poisoned.
Amaemon claws you!
You die...

###.#.###......########.####
##..#.#........#..).....#
......#.#......#.#####..#
.#.##.#.##...###.#####..#
......#.##.#.# #.##.....#
.#....#....†.# #.##.##.##
.#......##.### #.......#
.#.##.#.##.########.####
......#.##.##.)6W...#
##)##........z#######
#.####.##...##
##.####.####.## )..)..).#
#...# ##.###### #...# #.#
#...##### .. #.#
#6§.#zs.###.<$. ..#
#...#.#..s.....


You could see Amaemon and a wight.

Vanquished Creatures
  Maurice (D:8)
  Maggie (D:8)
  An orange demon (D:8)
  Jeremiah (D:8)
  Prince Ribbit (D:8)
  Sigmund (D:2)
  3 wyverns
  A steam dragon (D:8)
  2 water moccasins (D:5)
  Pargi (Sewer)
  An ice beast (D:7)
  An orc warrior (D:7)
  A sky beast (D:6)
  2 centaurs (D:8)
  3 ogres
  2 phantoms
  2 kobold brigands
  2 bullfrogs
  5 scorpions
  10 wights (D:8)
  A howler monkey (D:6)
  5 jellies
  3 hounds
  2 gnoll boudas
  4 orc priests
  Terence (D:3)
  Natasha (thrice) (D:3)
  4 iguanas
  7 orc wizards
  9 gnolls
  9 adders
  2 shadow imps
  4 white imps
  3 worms (D:3)
  A dart slug (D:1)
  40 orcs
  9 ball pythons
  3 bats
  13 endoplasms
  8 giant cockroaches
  2 hobgoblins
  3 jackals (D:5)
  2 quokkas
  12 frilled lizards
  9 goblins
  13 kobolds
  2 rats (D:1)
216 creatures vanquished.

Notes
Turn   | Place    | Note
-------+----------+-------------------------------------------
     0 | D:1      | Spaninq the Troll Shapeshifter began the quest for the Orb.
     0 | D:1      | Reached XP level 1. HP: 18/18 MP: 0/0
   153 | D:1      | Reached skill level 1 in Fighting
   176 | D:1      | Reached XP level 2. HP: 27/27 MP: 1/1
   281 | D:1      | Found a faded altar of an unknown god.
   519 | D:1      | Reached XP level 3. HP: 33/33 MP: 2/2
   738 | D:2      | Found a broken altar of Ashenzari.
   982 | D:2      | Noticed Sigmund
   992 | D:2      | Killed Sigmund
   993 | D:2      | Reached skill level 4 in Shapeshifting
   993 | D:2      | Reached XP level 4. HP: 23/44 MP: 3/3
   993 | D:2      | Reached XP level 5. HP: 26/50 MP: 4/4
  1087 | D:2      | Learned a level 2 spell: Blink
  1523 | D:3      | Found a glowing drain.
  1533 | Sewer    | Entered a sewer
  1551 | Sewer    | Noticed Pargi
  1564 | Sewer    | Killed Pargi
  1565 | Sewer    | Reached skill level 5 in Shapeshifting
  1565 | Sewer    | Reached XP level 6. HP: 32/59 MP: 5/5
  1770 | D:3      | Noticed Terence
  1773 | D:3      | Killed Terence
  1939 | D:3      | Noticed Natasha
  1970 | D:3      | Killed Natasha
  1971 | D:3      | Reached XP level 7. HP: 65/67 MP: 6/6
  2004 | D:3      | Noticed Natasha
  2012 | D:3      | Killed Natasha
  2089 | D:3      | Found a bloodstained altar of Trog.
  2089 | D:3      | Noticed Natasha
  2092 | D:3      | Killed Natasha
  2454 | D:4      | Reached skill level 1 in Maces & Flails
  2502 | D:4      | Reached skill level 6 in Shapeshifting
  2619 | D:4      | You fall into a shaft and drop 2 floors!
  2670 | D:6      | Reached skill level 1 in Armour
  2685 | D:6      | Found Jejuwucs's Assorted Antiques.
  2699 | D:6      | Reached XP level 8. HP: 65/78 MP: 7/7
  2703 | D:6      | Bought a brightly glowing marble ring for 105 gold pieces
  2703 | D:6      | Identified the ring "Gommix" {rCorr Dex+6 Slay+2} (You
                  | bought it in a shop on level 6 of the Dungeon)
  2707 | D:5      | Entered Level 5 of the Dungeon
  2823 | D:5      | Identified the +2 scale mail "Sishrimny" {rElec rF+ rC+}
  2864 | D:5      | Reached skill level 7 in Shapeshifting
  3033 | D:4      | Found Zeim's Jewellery Shop.
  3527 | D:5      | Found a staircase to the Ecumenical Temple.
  3537 | Temple   | Entered the Ecumenical Temple
  4164 | D:6      | Reached XP level 9. HP: 62/85 MP: 8/8
  4493 | D:7      | Reached skill level 8 in Shapeshifting
  4956 | D:7      | Found a radiant altar of Vehumet.
  4973 | D:7      | Found a stormy altar of Qazlal.
  4983 | D:7      | Became a worshipper of Qazlal Stormbringer
  5023 | D:7      | Reached skill level 5 in Fighting
  5113 | D:7      | Found a hide-covered altar of Uskayaw.
  5302 | D:8      | Noticed Jeremiah
  5331 | D:8      | Noticed Prince Ribbit
  5344 | D:8      | Killed Prince Ribbit
  5345 | D:8      | Reached skill level 9 in Shapeshifting
  5421 | D:8      | Killed Jeremiah
  5533 | D:8      | Noticed Maggie
  5545 | D:8      | Killed Maggie
  5546 | D:8      | Reached XP level 10. HP: 74/98 MP: 9/9
  5580 | D:8      | Found a glowing golden altar of the Shining One.
  5580 | D:8      | Noticed Amaemon
  5580 | D:8      | Noticed an orange demon
  5920 | D:8      | Noticed Maurice
  5927 | D:8      | Something stole a flux talisman
  5928 | D:8      | Something stole 248 gold
  5933 | D:8      | Killed Maurice
  5934 | D:8      | Reached skill level 10 in Shapeshifting
  6007 | D:8      | Killed an orange demon
  6007 | D:8      | Reached * piety under Qazlal
  6059 | D:8      | Slain by Amaemon

Illustrated notes

Levels and vault maps discovered:
D:1:      spicycebolla_arrival_clurvy, layout_basic,
          chequers_ecumenical_altar_island, corexii_item_surrounded_by_moat
D:2:      layout_loops_ring, basic_altar, uniq_sigmund
D:3:      layout_loops_cross, mainiacjoe_overflow_boulevard,
          cheibrodos_sewer_entry_bend, uniq_terence, uniq_natasha
D:4:      layout_loops_ring, serial_shops, nicolae_shop_gaudy_bauble,
          kennysheep_generic_room_11
D:5:      layout_basic, minmay_temple_entry_statues_pillars
D:6:      layout_rooms, serial_bayou, serial_bayou_crossing,
          serial_bayou_pond_c, serial_bayou_pond_e, serial_bayou_pond_e,
          nicolae_stop_n_shop_1, eino_tiny_chamber
D:7:      layout_rooms, nicolae_overflow_crystal_walls,
          chequers_temple_overflow_statue_of_worship
D:8:      layout_loops_cross, tso_metal_star, minmay_misc_feat_hallway,
          uniq_prince_ribbit1, uniq_maurice, uniq_amaemon, uniq_maggie,
          uniq_jeremiah
Temple:   kb_temple_of_zot

Skill      XL: |  1  2  3  4  5  6  7  8  9 10 |
---------------+-------------------------------+-----
Fighting       | 1 2 3 4 5 6 |  6.1
Unarmed Combat | 4 |  4.6
Shapeshifting  | 4 5 6 7 9 10 | 10.2
Maces & Flails | 2 3 4 |  4.0
Armour         | 1 3 4 |  4.0
Dodging        | 3 |  3.8

Action                     |  1- 3 |  4- 6 |  7- 9 | 10-12 || total
---------------------------+-------+-------+-------+-------++-------
  Melee: Unarmed           |    87 |    83 |   230 |    66 ||   466
         Whip              |       |    19 |   168 |    28 ||   215
         Punch             |       |     2 |     7 |       ||     9
         Maw               |       |       |       |    17 ||    17
  Evoke: Wand              |       |       |       |     5 ||     5
    Use: Scroll            |       |       |    14 |     1 ||    15
         Potion            |       |       |       |     1 ||     1
   Stab: Sleeping          |     1 |       |       |       ||     1
 Armour: Animal skin       |    43 |    31 |       |       ||    74
         Troll leather arm |       |    63 |   316 |    47 ||   426
         Skin              |       |       |       |    21 ||    21
  Dodge: Dodged            |    28 |    49 |   228 |    50 ||   355
   Form: Flux              |       |       |     2 |       ||     2
                           |       |       |     1 |       ||     1
         Maw               |       |       |       |     2 ||     2
         Blade             |       |       |       |     1 ||     1

Table legend: (Time is in decaauts)
 A = Elapsed time spent in this place.
 B = Non-inter-level travel time spent in this place.
 C = Inter-level travel time spent in this place.
 D = Time resting spent in this place.
 E = Time spent auto-exploring this place.
 F = Levels seen in this place.
 G = Mean time per level.
                   A        B        C        D        E       F      G
               +--------+--------+--------+--------+--------+-----+--------+
         Total |   6012 |   5803 |    209 |    146 |   3823 |  10 |  601.2 |
       Dungeon |   5757 |   5548 |    209 |    136 |   3752 |   8 |  719.6 |
        Temple |     65 |     65 |      0 |      0 |      0 |   1 |   65.0 |
         Sewer |    188 |    188 |      0 |     10 |     71 |   1 |  188.0 |
               +--------+--------+--------+--------+--------+-----+--------+

Top non-repeatable levels by time:
     D:4: 789 daAuts
     D:3: 786 daAuts
     D:6: 779 daAuts
     D:8: 736 daAuts
     D:1: 725 daAuts
     D:5: 660 daAuts
     D:2: 656 daAuts
     D:7: 622 daAuts
   Sewer: 188 daAuts
  Temple: 65 daAuts
